 Dungeon Crawl Stone Soup version 0.26.1-11-gd32895ea62 (webtiles) character file.

Game seed: 3893146843918068961

57465 Almogavar the Unseen (level 15, -7/82 HPs)
             Began as a Kobold Conjurer on July 7, 2021.
             Was the Champion of Nemelex Xobeh.
             Mangled by a catoblepas (11 damage)
             ... while petrified by a catoblepas
             ... on level 6 of the Lair of Beasts.
             The game lasted 01:37:39 (28915 turns).

Almogavar the Unseen (Kobold Conjurer)             Turns: 28915, Time: 01:37:40

Health: -7/82      AC:  8    Str: 14    XL:     15   Next: 26%
Magic:  19/40      EV:  3    Int: 25    God:    Nemelex Xobeh [******]
Gold:   1487       SH:  0    Dex: 17    Spells: 28/38 levels left

rFire    . . .     SeeInvis .   y - +0 short sword "Dragon's Tongue" {vorpal, *Rage Str+9 Dex+3}
rCold    . . .     Faith    .   x - +1 buckler
rNeg     + + +     Spirit   .   n - +2 robe {rN+}
rPois    ∞         Reflect  .   i - +0 helmet
rElec    .         Harm     .   N - +1 cloak
rCorr    .         Rampage  .   u - +0 pair of gloves
Will     +....     Rnd*Rage +   (no boots)
Stlth    ++++++++..             I - amulet of regeneration
HPRegen  0.63/turn              f - +4 ring of evasion
MPRegen  0.27/turn              U - ring of magical power

@: petrified
A: small, nightstalker 3
a: Renounce Religion, Draw Escape, Draw Destruction, Draw Summoning, Triple
Draw, Deal Four, Stack Five


You were on level 6 of the Lair of Beasts.
You worshipped Nemelex Xobeh.
Nemelex Xobeh was exalted by your worship.
You visited 4 branches of the dungeon, and saw 20 of its levels.

You collected 2019 gold pieces.
You spent 532 gold pieces at shops.

Inventory:

Hand Weapons
 y - the +0 short sword "Dragon's Tongue" (weapon) {vorpal, *Rage Str+9 Dex+3}
   (You found it on level 4 of the Dungeon)

   It inflicts extra damage upon your enemies.
   It affects your strength (+9).
   It affects your dexterity (+3).
   It may make you go berserk in combat.
Armour
 i - a +0 helmet (worn)
 n - a +2 robe of positive energy (worn)
 u - a +0 pair of gloves (worn)
 x - a +1 buckler (worn)
 K - the +4 ring mail of the Trees {rPois, unknown}
   (You found it on level 9 of the Dungeon)

   It protects you from poison.
 N - a +1 cloak (worn)
 S - a +0 robe of the Archmagi
Magical Staves
 c - an uncursed staff of death
 P - an uncursed staff of earth
Jewellery
 a - an uncursed ring of willpower
 f - a +4 ring of evasion (left hand)
 l - an uncursed ring of resist corrosion
 p - a +6 ring of intelligence
 G - an uncursed ring of stealth
 H - an uncursed amulet of guardian spirit
 I - an amulet of regeneration (around neck)
 U - a ring of magical power (right hand)
 X - an uncursed ring of ice
 Z - an uncursed ring of flight
Wands
 r - a wand of flame (20)
 t - a wand of paralysis (16)
 z - a wand of polymorph (28)
 E - a wand of iceblast (26)
 Y - a wand of random effects (13)
Scrolls
 d - a scroll of fear
 e - 7 scrolls of teleportation
 j - 10 scrolls of remove curse
 k - 3 scrolls of magic mapping
 v - 2 scrolls of enchant weapon {unknown}
 D - a scroll of noise {unknown}
 F - 3 scrolls of amnesia
 J - a scroll of summoning {unknown}
 M - 3 scrolls of enchant armour
 Q - 3 scrolls of fog
 V - a scroll of torment {unknown}
Potions
 b - 3 potions of curing
 g - 4 potions of brilliance
 h - 4 potions of ambrosia
 m - a potion of resistance
 s - 3 potions of magic
 w - 3 potions of heal wounds
 A - 4 potions of degeneration {unknown}
 C - 2 potions of berserk rage {unknown}
 O - 2 potions of flight {unknown}
 T - 2 potions of haste
 W - a potion of invisibility {unknown}
Miscellaneous
 R - a phantom mirror


   Skills:
 + Level 5.3 Fighting
 + Level 9.0 Short Blades
 + Level 11.1 Dodging
 + Level 17.1 Stealth
 + Level 0.8 Shields
 + Level 12.4 Spellcasting
 + Level 12.0 Conjurations
 + Level 8.2 Translocations
 + Level 0.6 Evocations


You had 28 spell levels left.
You knew the following spells:

 Your Spells              Type           Power        Failure   Level
a - Magic Dart            Conj           100%         1%          1
b - Searing Ray           Conj           100%         1%          2
c - Iskenderun's Mystic   Conj/Tloc      60%          1%          4
d - Dazzling Flash        Conj/Hex       90%          1%          3

Your spell library contained the following spells:

 Spells                   Type           Power        Failure   Level
 Fulminant Prism          Conj/Hex       22%          4%          4
 Animate Skeleton         Necr           30%          6%          1
 Corona                   Hex            16%          6%          1
 Pain                     Necr           60%          6%          1
 Ensorcelled Hibernation  Hex/Ice        30%          9%          2
 Irradiate                Conj/Tmut      22%          14%         5
 Confusing Touch          Hex            15%          17%         3
 Tukima's Dance           Hex            15%          17%         3
 Vampiric Draining        Necr           7%           17%         3
 Animate Dead             Necr           7%           50%         4
 Agony                    Necr           15%          85%         5
 Hydra Form               Tmut           7%           100%        6
 Statue Form              Tmut/Erth      10%          100%        6
 Dragon Form              Tmut           7%           100%        7


Dungeon Overview and Level Annotations

Branches:
Dungeon (11/15)            Temple (1/1) D:4            Lair (6/6) D:11
  Swamp (0/4) Lair:4       Spider (0/4) Lair:4        Slime (0/5) Lair:6
    Orc (2/2) D:11            Elf (0/3) Orc:2

Altars:
Cheibriados
Elyvilon
Fedhas
Hepliaklqana
Makhleb
Nemelex Xobeh
Okawaru
Qazlal
Sif Muna
Trog
Vehumet
Wu Jian
Xom
The Shining One
Beogh

Shops:
Orc:2 ([![

Portals:
Trove: D:11 (give horn of Geryon)

Annotations:
D:3 1 runed translucent door
D:11 2 transporters
Lair:6 3 runed translucent doors, Buiveh's ghost, journeyman GrEE


Innate Abilities, Weirdness & Mutations

You are small and have problems with some larger weapons.
You are completely attuned to the shadows.


Message History

The catoblepas gores you!!
Your limbs are stiffening.
Casting: Searing Ray (safe; 1% risk of failure)
Confirm with . or Enter, or press ? or * to list all spells.
You erupt in a blast of force!
The mystic blast hits the catoblepas!
The catoblepas is almost dead.
The catoblepas is knocked back by the mystic blast.
You have turned to stone.
The catoblepas breathes a plume of calcifying dust at you.
The blast of calcifying dust hits you but does no damage.
You are engulfed in calcifying dust. x2
The catoblepas gores you!!
You are engulfed in calcifying dust.
The catoblepas gores you!!
* * * LOW HITPOINT WARNING * * *
The catoblepas gores you.
* * * LOW HITPOINT WARNING * * *
The catoblepas gores you!!
* * * LOW HITPOINT WARNING * * *
The catoblepas gores you!!
You die...
Your body glows with a rainbow of weird colours and disappears.

.##....###....#.....#.##........#
###....# ##.....†.....##.........
.P...[.# #....#..†...# #........
.......## ###..###.#..# #..(..###
........# #.##...# ..##....##
........# ###!...# .#....##
........# ##...# ##...# PP.....##
#.###.. #...# .##....# #@....P
##...# .......# .....Y.... #....#
.......## ..#....... #....#
.P......# ....#...## ##...##
........# ##†#...# #....##
###....## ##.....### ###....##
#.......## ..P.....# #.......#P
.P..^...# #.........


You could see a catoblepas.

Vanquished Creatures
  Jorgrun (Orc:2)
  Nessos (Lair:6)
  Josephine (D:10)
  3 hydras
  The ghost of TangoThomas the Cleaver, a journeyman DsGl of Dithmenos (Lair:1)
  A dancing weapon (Lair:1)
  2 death yaks (Lair:6)
  A two-headed ogre (D:10)
  An orc high priest (Orc:1)
  An unseen horror (D:11)
  A lindwurm (Lair:4)
  2 orc knights (Orc:2)
  An ugly thing (D:11)
  8 orc sorcerers
  2 manticores
  4 black mambas
  Maurice (D:10)
  Joseph (D:10)
  5 elephants
  A gargoyle (D:10)
  13 cane toads
  A torpor snail (Lair:6)
  7 rime drakes
  10 komodo dragons
  6 trolls
  A hornet (D:11)
  8 polar bears
  Sigmund (D:6)
  18 blink frogs
  3 dream sheep (Lair:6)
  Eustachio (D:7)
  6 wraiths
  10 wyverns
  28 yaks
  Grum (Lair:1)
  9 basilisks
  5 wargs
  9 water moccasins
  A swamp drake (Lair:4)
  26 orc warriors
  A sky beast (D:6)
  10 ice beasts
  2 black bears
  A necrophage (D:9)
  15 ogres
  4 phantoms
  23 wolves
  The ghost of e0n the Gusty, an amateur DgAE (D:3)
  6 centaurs
  3 big kobolds
  12 bullfrogs
  Blork the orc (D:4)
  4 gnoll sergeants
  A wyvern zombie (D:10)
  3 scorpions
  12 killer bees
  A wight (D:7)
  3 electric eels (Lair:5)
  2 howler monkeys (D:7)
  A bullfrog zombie (D:9)
  19 orc priests
  2 centaur skeletons
  2 hounds
  43 orc wizards
  Ijyb (D:3)
  2 iguanas
  13 hell rats
  4 worker ants (D:5)
  A hound skeleton (D:11)
  2 hound zombies
  5 gnolls
  11 adders
  A river rat (D:2)
  A shadow imp (D:7)
  4 ufetubi
  An ooze (D:3)
  An adder skeleton (D:5)
  An adder zombie (D:9)
  7 worms
  2 dart slugs (D:2)
  6 leopard geckos
  109 orcs
  5 bats
  A giant cockroach (D:4)
  6 goblins
  11 hobgoblins
  12 jackals
  2 quokkas
  A ball python (D:3)
  3 frilled lizards
  19 kobolds
  A leopard gecko skeleton (D:5)
  A quokka zombie (D:5)
  8 rats
617 creatures vanquished.

Vanquished Creatures (others)
  An orc (Orc:1)
  23 fungi
  56 plants
80 creatures vanquished.

Grand Total: 697 creatures vanquished

Notes
Turn   | Place    | Note
-------+----------+-------------------------------------------
     0 | D:1      | Almogavar the Kobold Conjurer began the quest for the Orb.
     0 | D:1      | Reached XP level 1. HP: 10/10 MP: 3/3
   377 | D:1      | Reached XP level 2. HP: 15/15 MP: 0/5
   769 | D:1      | Learned a level 2 spell: Searing Ray
  1553 | D:2      | Reached XP level 3. HP: 19/19 MP: 3/6
  1805 | D:2      | Reached skill level 3 in Stealth
  2076 | D:2      | Reached XP level 4. HP: 24/24 MP: 1/7
  2226 | D:2      | Reached skill level 5 in Conjurations
  2444 | D:3      | Found a runed translucent door.
  2448 | D:3      | Noticed a bullfrog
  2809 | D:3      | Found a burning altar of Makhleb.
  2823 | D:3      | Noticed Ijyb
  2845 | D:3      | Killed Ijyb
  2846 | D:3      | Reached XP level 5. HP: 12/28 MP: 0/9
  3391 | D:3      | Found a runed translucent door.
  3947 | D:3      | Noticed e0n's ghost (amateur DgAE)
  3964 | D:3      | Killed a bullfrog
  3964 | D:3      | Killed e0n's ghost
  3965 | D:3      | Reached skill level 1 in Short Blades
  3965 | D:3      | Reached skill level 4 in Stealth
  3965 | D:3      | Reached XP level 6. HP: 13/33 MP: 0/11
  4262 | D:4      | Got an encrusted short sword
  4263 | D:4      | Identified the cursed +0 short sword "Dragon's Tongue"
                  | {vorpal, *Rage Str+9 Dex+3} (You found it on level 4 of the
                  | Dungeon)
  4405 | D:4      | Noticed Blork the orc
  4410 | D:4      | Killed Blork the orc
  4411 | D:4      | Reached XP level 7. HP: 36/37 MP: 9/13
  4553 | D:4      | Reached skill level 5 in Stealth
  5008 | D:4      | Found a staircase to the Ecumenical Temple.
  5014 | Temple   | Entered the Ecumenical Temple
  5057 | Temple   | Became a worshipper of Nemelex Xobeh the Trickster
  5308 | D:5      | Entered Level 5 of the Dungeon
  5610 | D:5      | Reached skill level 1 in Fighting
  5769 | D:5      | Reached XP level 8. HP: 43/43 MP: 14/14
  5862 | D:5      | Reached skill level 6 in Stealth
  6179 | D:5      | Learned a level 4 spell: Iskenderun's Mystic Blast
  6304 | D:5      | Reached skill level 5 in Dodging
  6330 | D:5      | Reached skill level 5 in Spellcasting
  6473 | D:6      | Reached skill level 7 in Stealth
  6599 | D:6      | Found a sparkling altar of Nemelex Xobeh.
  6900 | D:6      | Reached * piety under Nemelex Xobeh
  6964 | D:6      | Reached skill level 1 in Translocations
  6994 | D:6      | Noticed Sigmund
  7005 | D:6      | Killed Sigmund
  7547 | D:7      | Reached XP level 9. HP: 29/47 MP: 10/16
  7770 | D:7      | Reached skill level 8 in Stealth
  7937 | D:7      | Noticed Eustachio
  8321 | D:7      | Killed Eustachio
  8440 | D:7      | Reached skill level 9 in Stealth
  8618 | D:7      | Received a gift from Nemelex Xobeh
  8891 | D:7      | Reached ** piety under Nemelex Xobeh
  8957 | D:7      | Noticed a moth of wrath
  8960 | D:7      | Found a bloodstained altar of Trog.
  9117 | D:7      | Found a glowing golden altar of the Shining One.
 10456 | D:9      | Received a gift from Nemelex Xobeh
 10472 | D:9      | Reached XP level 10. HP: 53/53 MP: 14/19
 10537 | D:9      | Got a distressingly furry ring mail
 10891 | D:9      | Reached skill level 5 in Short Blades
 10896 | D:9      | Reached skill level 10 in Stealth
 10977 | D:9      | Reached skill level 5 in Translocations
 10977 | D:9      | HP: 2/54 [yak (9)]
 11593 | D:9      | Found a snail-covered altar of Cheibriados.
 11958 | D:9      | Reached *** piety under Nemelex Xobeh
 12460 | D:10     | Entered Level 10 of the Dungeon
 12466 | D:10     | Noticed a two-headed ogre
 12471 | D:10     | Killed a two-headed ogre
 12472 | D:10     | Reached skill level 11 in Stealth
 12654 | D:10     | Noticed Joseph
 12661 | D:10     | Killed Joseph
 12662 | D:10     | Reached XP level 11. HP: 18/59 MP: 10/22
 12747 | D:10     | Noticed Maurice
 12752 | D:10     | Killed Maurice
 13811 | D:10     | Noticed Josephine
 13829 | D:10     | Reached skill level 12 in Stealth
 13832 | D:10     | Killed Josephine
 14212 | D:10     | Received a gift from Nemelex Xobeh
 14545 | D:11     | Found a staircase to the Lair.
 14570 | D:11     | Found a staircase to the Orcish Mines.
 14835 | D:11     | Received a gift from Nemelex Xobeh
 14852 | D:11     | Reached **** piety under Nemelex Xobeh
 14874 | D:11     | Noticed a purple ugly thing
 14879 | D:11     | Killed a purple ugly thing
 14880 | D:11     | Reached XP level 12. HP: 57/64 MP: 21/24
 14924 | D:11     | Reached skill level 13 in Stealth
 14971 | D:11     | Found a transporter.
 14974 | D:11     | Found a transporter.
 15011 | D:11     | Found a portal to a secret trove of treasure.
 15542 | D:11     | Killed an unseen horror
 15759 | Orc:1    | Entered Level 1 of the Orcish Mines
 15974 | D:11     | Learned a level 3 spell: Dazzling Flash
 16303 | Orc:2    | Entered Level 2 of the Orcish Mines
 16308 | Orc:2    | Received a gift from Nemelex Xobeh
 16808 | Orc:2    | Noticed an orc high priest
 17074 | Orc:1    | Noticed a soul eater
 17077 | Orc:1    | Killed an orc high priest
 17568 | Orc:2    | Found a staircase to the Elven Halls.
 17612 | Orc:2    | Found Kabluas's Antique Armour Emporium.
 17710 | Orc:2    | Noticed a boulder beetle
 18746 | Orc:2    | Received a gift from Nemelex Xobeh
 18939 | Orc:2    | Reached XP level 13. HP: 43/71 MP: 13/26
 19101 | Orc:2    | Noticed Jorgrun
 19107 | Orc:2    | Killed Jorgrun
 19108 | Orc:2    | Reached skill level 10 in Spellcasting
 19108 | Orc:2    | Reached skill level 10 in Conjurations
 19177 | Orc:2    | Found Lagaif Ruor's Armour Emporium.
 19186 | Orc:2    | Found Kydur's Distillery.
 19246 | Orc:2    | Found a roughly hewn altar of Beogh.
 19471 | Orc:2    | Found Pubost's Antique Weapon Boutique.
 19930 | Orc:2    | Reached skill level 14 in Stealth
 20144 | Orc:1    | Received a gift from Nemelex Xobeh
 20305 | Orc:2    | Bought 2 potions of haste for 280 gold pieces
 20305 | Orc:2    | Bought 2 potions of heal wounds for 140 gold pieces
 20305 | Orc:2    | Bought a potion of magic for 112 gold pieces
 20408 | Lair:1   | Entered Level 1 of the Lair of Beasts
 20740 | Lair:1   | Noticed Grum
 20746 | Lair:1   | Killed Grum
 21025 | Lair:1   | Reached ***** piety under Nemelex Xobeh
 21057 | Lair:1   | Found a runed translucent door.
 21057 | Lair:1   | Found a shimmering altar of Xom.
 21057 | Lair:1   | Noticed TangoThomas's ghost (journeyman DsGl)
 21094 | Lair:1   | Received a gift from Nemelex Xobeh
 21351 | Lair:1   | Reached skill level 10 in Dodging
 21675 | Lair:1   | Killed TangoThomas's ghost
 22140 | Lair:2   | Received a gift from Nemelex Xobeh
 22508 | Lair:2   | Received a gift from Nemelex Xobeh
 23008 | Lair:3   | Reached skill level 15 in Stealth
 23019 | Lair:3   | Received a gift from Nemelex Xobeh
 23034 | Lair:3   | Reached XP level 14. HP: 76/76 MP: 22/29
 23189 | Lair:3   | Reached skill level 5 in Fighting
 24206 | Lair:4   | Received a gift from Nemelex Xobeh
 24713 | Lair:4   | Found a hole to the Spider Nest.
 24816 | Lair:4   | Found a staircase to the Swamp.
 24833 | Lair:4   | Reached skill level 16 in Stealth
 26471 | Lair:5   | Received a gift from Nemelex Xobeh
 26730 | Lair:5   | Reached ****** piety under Nemelex Xobeh
 26846 | Lair:5   | Received a gift from Nemelex Xobeh
 27272 | Lair:6   | Entered Level 6 of the Lair of Beasts
 27906 | Lair:6   | Found a staircase to the Slime Pits.
 28018 | Lair:6   | Reached XP level 15. HP: 82/82 MP: 31/31
 28074 | Lair:6   | Found a runed translucent gate.
 28074 | Lair:6   | Found a runed translucent gate.
 28074 | Lair:6   | Found a runed translucent gate.
 28076 | Lair:6   | Noticed Buiveh's ghost (journeyman GrEE)
 28241 | Lair:6   | Noticed Nessos
 28259 | Lair:6   | Killed Nessos
 28727 | Lair:6   | Reached skill level 17 in Stealth
 28914 | Lair:6   | HP: 4/82 [catoblepas (11)]
 28915 | Lair:6   | Mangled by a catoblepas

Illustrated notes

Levels and vault maps discovered:
D:1:      psy_arrival_conway, layout_basic, chequers_big_river,
          serial_park_tiny_2
D:2:      layout_basic, minmay_domino_4
D:3:      layout_loops_ring, nicolae_overflow_crystal_walls,
          ebering_ghost_sewer_f, uniq_ijyb
D:4:      layout_basic, minmay_temple_entry_purple_smoke, uniq_blork_the_orc
D:5:      layout_basic
D:6:      layout_loops_corners, nemelex_spade_bored_becter, uniq_sigmund
D:7:      layout_loops_ring, tgw_trog, kennysheep_mini_moat, sword_in_stone
D:8:      layout_basic, serial_aquarium, aquarium_bridge_square
          [aquarium_subvault_balcony, aquarium_subvault_bridge,
          aquarium_subvault_bridge, aquarium_subvault_window],
          aquarium_window_3, aquarium_window_2, aquarium_window_fake,
          aquarium_view_2b, serial_park_tiny_2
D:9:      layout_loops_ring, general_overflow_altar
D:10:     layout_grid_maze, uniq_maurice, uniq_josephine, uniq_joseph
D:11:     gammafunk_boulding_lane, layout_loops_ring, david_lair_shrubbed,
          kennysheep_orc_monster_closet_entryway, nicolae_trove_entry_crystal
Temple:   eino_narrow_crystal_temple
Lair:1:   layout_small_grid, ebering_ghost_xom, st_stairs_4, uniq_grum
Lair:2:   layout_gridlike, serial_bayou_shore_a, lemuel_fruit_tree
Lair:3:   layout_chaotic_city
Lair:4:   layout_hall_layers, minmay_swamp_entry_reptiles, dummy_spider_entry,
          special_room [special_room_mythical_zoo], grunt_megastairs_5
Lair:5:   layout_hall_layers, serial_bayou_lake_a
Lair:6:   hangedman_lair_in_review, layout_regular_city,
          dpeg_slime_entry_corner, gammafunk_ghost_cemetery, ice2_lemuel,
          serial_bayou_shore_b, uniq_nessos
Orc:1:    layout_caves
Orc:2:    st_orc_town, layout_caves, rock_pile, uniq_jorgrun

Skill      XL: |  1  2  3  4  5  6  7  8  9 10 11 12 13 14 15 |
---------------+----------------------------------------------+-----
Stealth        | 3 4 5 7 9 11 12 13 15 16 17 | 17.1
Conjurations   | 5 6 7 8 9 11 12 | 12.0
Dodging        | 3 4 5 6 7 8 9 10 11 | 11.1
Spellcasting   | 3 4 5 6 7 8 9 11 12 | 12.4
Short Blades   | 1 2 3 4 5 7 8 9 |  9.0
Fighting       | 1 2 3 4 5 |  5.3
Translocations | 1 3 5 6 7 8 |  8.2
Shields        | |  0.8
Evocations     | |  0.6

Action                   |  1- 3 |  4- 6 |  7- 9 | 10-12 | 13-15 || total
-------------------------+-------+-------+-------+-------+-------++-------
Melee: Unarmed           |    28 |       |       |       |       ||    28
       Dagger            |     1 |    16 |       |       |       ||    17
       Short sword       |       |     1 |    67 |    97 |   108 ||   273
 Cast: Magic Dart        |    44 |     1 |       |     2 |     4 ||    51
       Searing Ray       |     7 |    37 |    60 |   208 |   155 ||   467
       Iskenderun's Myst |       |       |     2 |    38 |    84 ||   124
Invok: Draw Destruction  |       |       |       |     6 |     7 ||    13
       Draw Summoning    |       |       |       |     1 |     1 ||     2
       Draw Escape       |       |       |       |       |     3 ||     3
Evoke: Wand              |       |       |       |       |     2 ||     2
  Use: Scroll            |       |     2 |     6 |     4 |     8 ||    20
       Potion            |       |       |     1 |       |       ||     1
 Stab: Sleeping          |     2 |     2 |    16 |    24 |    59 ||   103
       Distracted        |       |       |       |       |     1 ||     1
Armor: Robe              |     3 |     2 |     1 |    26 |    31 ||    63
Dodge: Dodged            |    31 |    21 |    87 |   275 |   348 ||   762
Block: Buckler           |       |       |       |       |    31 ||    31
